 Dungeon Crawl Stone Soup version 0.30.0-5-g1a98f26d00 (webtiles) character file.

Game seed: 13075941153226101535

96 Acheron the Sneak (level 4, -1/37 HPs)
             Began as a Ghoul Brigand on May 8, 2023.
             Slain by an orc
             ... wielding a +0 flail
              (5 damage)
             ... on level 3 of the Dungeon.
             The game lasted 00:06:58 (1169 turns).

Acheron the Sneak (Ghoul Brigand)                   Turns: 1169, Time: 00:06:59

Health: -1/37      AC:  3    Str: 14    XL:     4   Next: 67%
Magic:  3/3        EV: 11    Int: 12    God:
Gold:   141        SH:  3    Dex: 12    Spells: 2/3 levels left

rFire   . . .        a - +3 dagger
rCold   + . .        h - +0 buckler
rNeg    + + +        n - +0 robe of Transparent Liberty {Int+6 Archmagi}
rPois   ∞            (no helmet)
rElec   .            c - +0 cloak
rCorr   +            (no gloves)
SInv    .            (no boots)
Will    .....        (no amulet)
Stlth   +++          i - ring of resist corrosion
HPRegen 0.00/turn    (no ring)
MPRegen 0.08/turn

%: archmagi
@: about to teleport, inhibited regen
A: claws 1, cold resistance 1, negative energy resistance 3, inhibited
regeneration, torment resistance 2, devour on kill
a: no special abilities


You were on level 3 of the Dungeon.
You visited 1 branch of the dungeon, and saw 5 of its levels.

You collected 141 gold pieces.

Inventory:

Hand Weapons
 a - a +3 dagger (weapon)
 j - a +0 rapier
Missiles
 d - 9 poisoned darts (quivered)
 e - 3 curare-tipped darts
 o - 3 javelins
Armour
 c - a +0 cloak (worn)
 f - a +0 ring mail
 h - a +0 buckler (worn)
 n - the +0 robe of Transparent Liberty (worn) {Int+6 Archmagi}
   (You found it on level 2 of the Dungeon)

   Int:       It affects your intelligence (+6).
   Archmagi:  It increases the power of your magical spells.
Jewellery
 i - a ring of resist corrosion (left claw)
Scrolls
 k - a scroll of enchant weapon
Potions
 b - a potion of cancellation {unknown}
 g - a potion of curing {unknown}
 m - 2 potions of might {unknown}


   Skills:
 * Level 2.3 Fighting
 * Level 2.3 Short Blades
 * Level 2.1 Throwing
 * Level 0.9 Armour
 * Level 1.3 Dodging
 * Level 5.5 Stealth
 * Level 0.7 Shields


You had 2 spell levels left.
You knew the following spells:

 Your Spells              Type           Power      Damage    Failure   Level
a - Summon Small Mammal   Summ           0%         N/A       41%         1

Your spell library contained the following spells:

 Spells                   Type           Power      Damage    Failure   Level
 Call Canine Familiar     Summ           0%         N/A       80%         3
 Dazzling Flash           Conj/Hex       0%         N/A       80%         3
 Inner Flame              Hex/Fire       0%         N/A       80%         3
 Summon Guardian Golem    Hex/Summ       0%         N/A       80%         3
 Flame Wave               Conj/Fire      0%         2d4       99%         4
 Sticky Flame             Conj/Fire      0%         2d3       99%         4
 Agony                    Necr           0%         N/A       100%        5
 Silence                  Hex/Air        0%         N/A       100%        5


Dungeon Overview and Level Annotations

Branches:
Dungeon (5/15)
 Temple: D:4-7

Altars:
Wu Jian


Innate Abilities, Weirdness & Mutations

You are immune to poison.
You have sharp fingernails.
Your flesh is cold resistant. (rC+)
You are immune to negative energy. (rN+++)
You do not regenerate when monsters are visible.
You are immune to unholy pain and torment.
You thrive by killing the living.


Message History

You hit the orc wizard.
The orc wizard is severely wounded.
The orc hits you but does no damage.
The orc wizard gestures at you while chanting.
The magic dart hits you.
You hit the orc wizard.
The orc wizard is almost dead.
The orc closely misses you.
The orc wizard gestures at you while chanting.
You are confused.
You hit the orc wizard but do no damage.
The orc wizard is almost dead.
The orc hits you but does no damage.
The orc wizard points at you and mumbles some strange words.
The puff of flame misses you.
You hit the orc.
The orc is moderately wounded.
The orc hits you with a +0 flail!
The orc wizard hits you with a +0 dagger.
You hit the orc wizard.
You kill the orc wizard!
You feel better. The orc barely misses you.
You hit the orc but do no damage. The orc completely misses you.
The orc hits you with a +0 mace.
You hit the orc but do no damage.
The orc is moderately wounded.
The orc closely misses you. The orc hits you with a +0 mace.
* * * LOW HITPOINT WARNING * * *
The orc barely misses you. The orc hits you with a +0 flail.
* * * LOW HITPOINT WARNING * * *
You feel less confused. The orc hits you with a +0 flail.
* * * LOW HITPOINT WARNING * * *
The orc hits you with a +0 mace.
* * * LOW HITPOINT WARNING * * *
Okay, then.
As you read the scroll of teleportation, it crumbles to dust.
You feel strangely unstable. The orc hits you with a +0 flail.
You die...

#.# ## .. #.# . .. ####.## .#.
#.....# ... #.###.#### #.#
#.###....# #.# #..##.##.####)#
#.........).oo##### ###
##.≈≈≈≈≈≈≈≈≈..@....# #..
###..≈...§§..≈..####.# #.#
#....≈.≈≈§≈§.≈.......# #.#
#.#..≈.≈...§.≈.####..# #.#
#.#..≈.≈._.§.≈.####<.# #.#
#.#..≈.≈.§.≈.≈.......######.###
#.#....≈≈≈≈≈)≈.#####.##...#...###
#.#..≈...§§..≈.# #.>.###.##.##.
#.#..≈≈≈≈≈≈≈≈≈.######..####.#.#..


You could see 2 orcs.

Vanquished Creatures
  A sleepcap (D:4)
  An orc wizard (D:3)
  A dart slug (D:3)
  2 orcs (D:3)
  7 endoplasms
  A giant cockroach (D:3)
  2 goblins
  2 hobgoblins
  2 jackals (D:2)
  5 quokkas
  3 ball pythons
  5 bats
  3 frilled lizards
  A kobold (D:2)
  2 rats
38 creatures vanquished.

Notes
Turn   | Place    | Note
-------+----------+-------------------------------------------
     0 | D:1      | Acheron the Ghoul Brigand began the quest for the Orb.
     0 | D:1      | Reached XP level 1. HP: 17/17 MP: 0/0
   114 | D:2      | Reached skill level 1 in Dodging
   300 | D:1      | Reached XP level 2. HP: 24/24 MP: 1/1
   472 | D:2      | Identified the +0 robe of Transparent Liberty {Int+6
                  | Archmagi}
   509 | D:2      | Learned a level 1 spell: Summon Small Mammal
   672 | D:2      | Reached skill level 5 in Stealth
   821 | D:3      | Reached XP level 3. HP: 29/29 MP: 2/2
   833 | D:5      | Entered Level 5 of the Dungeon
   882 | D:3      | Found an ornate altar of the Wu Jian Council.
   959 | D:3      | Reached XP level 4. HP: 36/36 MP: 3/3
  1169 | D:3      | Slain by an orc

Illustrated notes

Levels and vault maps discovered:
D:1:      dpeg_arrival_leaves_temple_mockup, layout_loops_ring, serial_shops,
          nicolae_shop_industrial_runoff, nicolae_shop_real_fake_doors, shop,
          nicolae_shop_just_a_little_nook, kennysheep_doodads, minivault_24
D:2:      layout_rooms, grunt_ministairs_10
D:3:      layout_loops_ring, amcnicky_altar_gilded,
          mainiacjoe_overflow_concentric_impassable, serial_glass,
          glass_columns_a, glass_columns_a, glass_columns_a, glass_columns_a,
          glass_columns_c, minmay_checkerbox
D:4:      layout_loops_cross, mainiacjoe_overflow_surrounded_room,
          mainiacjoe_overflow_tiny_flanked,
          minmay_temple_entry_drinking_statues, chequers_serial_rivers_large_a,
          hangedman_minor_gate_pass, uniq_sigmund, uniq_eustachio, uniq_ijyb
D:5:      layout_cave_pools, uniq_duvessa

Skill      XL: |  1  2  3 |
---------------+----------+-----
Dodging        | 1 |  1.3
Stealth        | 5 |  5.5
Short Blades   | 2 |  2.3
Throwing       | 2 |  2.1
Fighting       | |  2.3
Armour         | |  0.9
Shields        | |  0.7

Action                     |  1- 3 |  4- 6 || total
---------------------------+-------+-------++-------
  Melee: Dagger            |    67 |    30 ||    97
   Cast: Summon Small Mamm |     1 |       ||     1
    Use: Scroll            |     6 |     1 ||     7
   Stab: Sleeping          |     8 |     5 ||    13
 Armour: Ring mail         |     8 |       ||     8
         Robe              |     7 |     5 ||    12
  Dodge: Dodged            |    32 |    18 ||    50
  Block: Buckler           |     9 |     2 ||    11
